Unix NetHack Version 3.7.0-102 Work-in-progress - last build Apr 6 2024 13:22:21 (d302a6a9ff6341f1a922d8f5af178406b35fdf99,branch:master). Game began 2024-04-17 13:47:34, ended 2024-04-17 14:05:33. Dictyostelium, lawful female human Samurai -..-..--- |.......| --------- #-.......-# |.......| -------- ------------ #|........# |.......| |......| |<)........| #|........# |.......-###########...>.!.| |........... #----.....# ####+.......| |......| |.........^| ## #0 # # |.......| ----.--- |...........#### # # # --------- # --)--------- # ## # # # # ) ###) # ## *#[ ### # # #----|--# ## # ----|--- # #..`.`.|# # # |......| ---.--- |.(Z..|# #----- # |!%%.%!| |..d..| |.....|# #.....## |.%!%.!| |..a..| |......# |...| -------- |...@.| ------- |...+ ------- |...| ----- Dictyostelium the Kunoichi St:16 Dx:16 Co:18 In:8 Wi:10 Ch:8 Lawful Dlvl:7 $:183 HP:0(66) Pw:23(23) AC:2 Xp:6/419 T:2290 Latest messages: The killer bee stings! [HP -2, 4 left] The killer bee misses! In what direction? You kill the killer bee! The killer bee just misses! In what direction? # What do you want to write with? [- b-dkmqtyz or ?*] You write in the dust with your fingertip. The killer bee misses! # Something is written here in the dust. You read: "ElbBreth". You see no objects here. # What do you want to write with? [- b-dkmqtyz or ?*] Do you want to add to the current engraving? [ynq] (y) You wipe out the message that was written in the dust here. You write in the dust with your fingertip. The killer bee turns to flee. You swap places with Sputnik. In what direction? The ya misses. Sputnik misses the killer bee. Sputnik misses the killer bee. You ready: q - a dart. In what direction? The dart misses the killer bee. The killer bee stings! [HP -2, 7 left] You ready: z - an orcish dagger. In what direction? The orcish dagger misses the killer bee. The killer bee stings! [HP -3, 4 left] Sputnik misses the killer bee. t - an elven dagger named Sting (weapon in right hand). c - an uncursed +0 yumi (alternate weapon; not wielded). The killer bee stings! [HP -1, 3 left] Sputnik misses the killer bee. You hit the killer bee. The killer bee stings! [HP -2, 1 left] Sputnik misses the killer bee. You miss the killer bee. The killer bee stings! [HP -3, -2 left] You die... Inventory: Coins ('$') $ - 183 gold pieces Weapons (')') c - an uncursed +0 yumi (alternate weapon; not wielded) t - the uncursed +1 Sting (weapon in right hand) b - an uncursed +0 wakizashi Armor ('[') A - an uncursed +0 orcish helm (being worn) G - an uncursed +0 pair of iron shoes r - a blessed +0 pair of jumping boots (being worn) H - an uncursed +0 dwarvish cloak E - an uncursed +0 mummy wrapping e - an uncursed rustproof +0 splint mail (being worn) Comestibles ('%') w - 2 uncursed PapaYas i - an uncursed gunyoki D - an uncursed tin of spinach l - 3 uncursed lichen corpses Scrolls ('?') J - an uncursed scroll of remove curse Spellbooks ('+') g - an uncursed spellbook of identify Potions ('!') n - an uncursed potion of gain ability h - an uncursed potion of healing x - a potion of holy water v - an uncursed potion of water Rings ('=') m - an uncursed ring of searching (on right hand) Gems/Stones ('*') y - an uncursed worthless piece of black glass k - 2 uncursed worthless pieces of violet glass Dictyostelium the Samurai's attributes: Background: You were a Kunoichi, a level 6 female human Samurai. You were lawful, on a mission for Amaterasu Omikami who was opposed by Raijin (neutral) and Susanowo (chaotic). You were right-handed. You were in the Dungeons of Doom, on level 7. You entered the dungeon 2290 turns ago. You had 419 experience points, 221 more were needed to attain level 7. Basics: You had 0 out of 66 hit points. You had all 23 energy points (spell power). Your armor class was 2. Your wallet contained 183 zorkmids. Autopickup was on for '$%?!"=/*' plus thrown, with exceptions. Final Characteristics: Your strength was 16 (limit:18/100). Your dexterity was 16 (limit:18). Your constitution was 18 (limit:18). Your intelligence was 8 (limit:18). Your wisdom was 10 (limit:18). Your charisma was 8 (limit:18). Final Status: You weren't hungry. You were unencumbered. You were wielding a dagger. You had basic skill with dagger. Final Attributes: You were piously aligned. You were aware of the presence of orcs. You had automatic searching. You could jump. You were warded. You were fast. You were unlucky. You are dead. Miscellaneous: You never encountered a bones level. Total elapsed playing time was 17 minutes and 58 seconds. Major events: Turn 1: Dictyostelium the lawful female human Samurai entered the dungeon 965: attained the rank of Ronin (level 3) 1034: chose an elven dagger to be named "Sting" 2260: attained the rank of Kunoichi (level 6) 2290: killed by a killer bee Vanquished creatures: a giant mimic an Uruk-hai an orc shaman a gnome leader a kobold mummy 2 giant ants a floating eye a dwarf a homunculus 2 hill orcs 2 rothes an iguana 10 killer bees 2 coyotes a hobbit a manes 2 giant rats a cave spider a gecko 3 jackals a fox 6 grid bugs 7 lichens 4 newts 54 creatures vanquished. No species were genocided or became extinct. Voluntary challenges: You read items or engraved 7 times. You engraved Elbereth 2 times. You never genocided any monsters. You never polymorphed an object. You never changed form. You used no wishes. Achievements: You entered a shop. You attained the rank of Ronin. You attained the rank of Kunoichi. The Dungeons of Doom: levels 1 to 7 Level 1: Level 2: Level 3: A fountain. Level 4: Level 5: Level 6: Many fountains. Oracle of Delphi. Level 7: <- You were here. An altar. Final resting place for you, killed by a killer bee. Game over: ---------- / \ / REST \ / IN \ / PEACE \ / \ | Dictyostelium | | 183 Au | | killed by a | | killer bee | | | | | | 2024 | *| * * * | * _________)/\\_//(\/(/\)/\//\/|_)_______ Sayonara Dictyostelium the Samurai... You died in The Dungeons of Doom on dungeon level 7 with 2171 points, and 183 pieces of gold, after 2290 moves. You were level 6 with a maximum of 66 hit points when you died.